 Dungeon Sprint DCSS version 0.29.1-1-gd02db6906a (console) character file.

Game seed: 17555751437607711002

145 erker the Trooper (level 5, -7/52 HPs)
             Began as a Minotaur Fighter on Oct 12, 2022.
             Mangled by a red devil
             ... wielding a +0 trident
             ... summoned by a kobold demonologist
              (13 damage)
             ... in the Dungeon (Sprint III: "The Ten Rune Challenge").
             The game lasted 00:02:35 (548 turns).

erker the Trooper (Minotaur Fighter)                 Turns: 548, Time: 00:02:36

Health: -7/52      AC:  7    Str: 22    XL:     5   Next: 6%
Magic:  4/4        EV: 10    Int:  5    God:
Gold:   10         SH:  5    Dex: 10    Spells: 4/4 levels left

rFire   . . .      SeeInvis .   a - +0 war axe
rCold   . . .      Faith    .   c - +0 buckler
rNeg    . . .      Spirit   .   b - +0 scale mail
rPois   .          Reflect  .   (helmet restricted)
rElec   .          Harm     .   (no cloak)
rCorr   .          Rampage  .   (no gloves)
Will    .....      NoTele   +   (no boots)
Stlth   ..........              (no amulet)
HPRegen 0.17/turn               (no ring)
MPRegen 0.09/turn               (no ring)

@: spiked
A: horns 2, retaliatory headbutt
a: no special abilities


You were in the Dungeon.
You visited 1 branch You collected 10 gold pieces.

Inventory:

Hand Weapons
 a - a +0 war axe (weapon)
Armour
 b - a +0 scale mail (worn)
 c - a +0 buckler (worn)
Scrolls
 j - a scroll of blinking
 l - 2 scrolls of poison {unknown}
 m - 2 scrolls of identify {unknown}
Potions
 d - a potion of might
 e - 2 potions of curing
 f - a potion of heal wounds
 g - a potion of haste
 h - 2 potions of magic
 k - 4 potions of mutation {unknown}
 n - 2 potions of flight


   Skills:
 + Level 7.1 Fighting
 + Level 5.9 Axes
 + Level 6.9 Armour
 + Level 3.0 Dodging
 + Level 6.7 Shields


You had 4 spell levels left.
You didn't know any spells.
Your spell library contained the following spells:

 Spells                   Type           Power      Damage    Failure   Level
 Necrotise                Necr           0%         1d4       85%         1
 Vampiric Draining        Necr           0%         2d6       99%         3
 Agony                    Necr           0%         N/A       100%        5


Dungeon Overview and Level Annotations

Branches:
Dungeon (1/1)

Altars:
Kikubaaqudgha
Sif Muna
Vehumet


Innate Abilities, Weirdness & Mutations

You have a pair of horns on your head.
You reflexively headbutt those who attack you in melee.


Message History

Reactivating autopickup.
You feel a bit more experienced.
Your Fighting skill increases to level 7!
Your Dodging skill increases to level 3!
You have reached level 5!
You closely miss the kobold demonologist.
The kobold demonologist looks satisfied for a moment.
You closely miss the kobold demonologist.
The kobold demonologist closely misses you.
The kobold demonologist mumbles some strange words.
You closely miss the kobold demonologist.
You headbutt the kobold demonologist, but do no damage.
The kobold demonologist hits you with a +0 dagger.
You closely miss the kobold demonologist.
The kobold demonologist looks encouraged for a moment.
The red devil completely misses you.
You hit the kobold demonologist.
The kobold demonologist is lightly wounded.
The kobold demonologist hits you but does no damage.
The red devil hits you from afar with a +0 trident!
Barbed spikes become lodged in your body.
You barely miss the kobold demonologist.
The kobold demonologist is lightly wounded.
The kobold demonologist completely misses you.
The red devil barely misses you.
You block the kobold demonologist's attack.
The red devil hits you from afar with a +0 trident!
Barbed spikes become lodged in your body.
You barely miss the kobold demonologist.
The kobold demonologist is lightly wounded.
The kobold demonologist looks braver for a moment.
The red devil hits you from afar with a +0 trident!!
* * * LOW HITPOINT WARNING * * *
Barbed spikes become lodged in your body.
You barely miss the kobold demonologist.
The kobold demonologist is lightly wounded.
The kobold demonologist hits you with a +0 dagger.
* * * LOW HITPOINT WARNING * * *
The red devil hits you from afar with a +0 trident!
You die...

#..'...♣♣ ♣.# #..#....♣
♣.# ####....♣♣ ♣.#
...#....~♣♣♣♣♣.###+#+###
...#...~~♣..♣..#........
...#..~~~~.....'.⌠......
##)#..~≈≈~~~...#...####
...#.~~≈~~~....#.⌠.#
...#÷~≈~~~.....#@..#
...#.~~~.......#K###
####...........#.4
...............#___
▓▓▓▓▓▓▓▓▓▓▓▓▓▓▓▓▓▓▓▓


You could see a kobold demonologist and a red devil (summoned).

Vanquished Creatures
  A water elemental (D)
  Jessica (D)
  A wizard (D)
  A human (D)
  A wolf (D)
  3 rats (D)
8 creatures vanquished.

Notes
Turn   | Place    | Note
-------+----------+-------------------------------------------
     0 | D        | erker the Minotaur Fighter began the quest for the Orb.
     0 | D        | Reached XP level 1. HP: 19/19 MP: 0/0
    19 | D        | Noticed Jessica
    20 | D        | Reached skill level 4 in Fighting
    26 | D        | Killed Jessica
    27 | D        | Reached skill level 5 in Fighting
    27 | D        | Reached skill level 5 in Armour
    27 | D        | Reached skill level 5 in Shields
    27 | D        | Reached XP level 2. HP: 29/29 MP: 1/1
    47 | D        | Reached XP level 3. HP: 37/37 MP: 2/2
    97 | D        | Reached skill level 6 in Fighting
   258 | D        | Noticed a water elemental
   266 | D        | Killed a water elemental
   267 | D        | Reached skill level 5 in Axes
   267 | D        | Reached XP level 4. HP: 6/45 MP: 3/3
   535 | D        | Found a radiant altar of Vehumet.
   535 | D        | Found a shimmering blue altar of Sif Muna.
   535 | D        | Found an ancient bone altar of Kikubaaqudgha.
   535 | D        | Noticed a wizard
   540 | D        | Killed a wizard
   541 | D        | Reached skill level 7 in Fighting
   541 | D        | Reached XP level 5. HP: 51/52 MP: 4/4
   543 | D        | Noticed a red devil
   548 | D        | Mangled by a red devil

Illustrated notes

Levels and vault maps discovered:
D:        dungeon_sprint_mu [sprint_mu_entry_forest, sprint_mu_temple_rooms,
          sprint_mu_d1_horrors, sprint_mu_d2_genie, sprint_mu_d3_branching,
          sprint_mu_orc_legion, sprint_mu_elf_gauntlet, sprint_mu_hive_nellie,
          sprint_mu_lair_fedhas, sprint_mu_vaults_butterflies,
          sprint_mu_slime_circle, sprint_mu_swamp_cave, sprint_mu_snake_twists,
          sprint_mu_blade_basic, sprint_mu_crypt_chambers,
          sprint_mu_tomb_spiral, sprint_mu_vestibule_basic,
          sprint_mu_gehenna_hellfire, sprint_mu_dis_giant,
          sprint_mu_tartarus_statrot, sprint_mu_cocytus_islands, sprint_mu_zot1]

Skill      XL: |  1  2  3  4 |
---------------+-------------+-----
Fighting       | 5 6 7 |  7.1
Armour         | 5 6 |  6.9
Shields        | 5 6 |  6.7
Axes           | 3 4 5 |  5.9
Dodging        | 2 3 |  3.0

Action                   |  1- 3 |  4- 6 || total
-------------------------+-------+-------++-------
Melee: War axe           |    26 |    13 ||    39
       Headbutt          |     4 |     1 ||     5
  Use: Potion            |     1 |       ||     1
Armor: Scale mail        |     5 |     3 ||     8
Dodge: Dodged            |     9 |     4 ||    13
Block: Buckler           |     3 |     1 ||     4
